 Dungeon Crawl Stone Soup version 0.18-a0-1303-g41c131c (webtiles) character file.

217098 Ratboiler the Warrior (level 17, -9/119 HPs)
             Began as a Deep Elf Wanderer on Feb 12, 2016.
             Was the Champion of Ashenzari.
             Mangled by a lajatang of flaming (28 damage)
             ... on level 2 of the Elven Halls on Feb 13, 2016.
             The game lasted 02:09:33 (39350 turns).

Ratboiler the Warrior (Deep Elf Wanderer)          Turns: 39350, Time: 02:09:33

Health: -9/119     AC: 20    Str: 14    XL:     17   Next: 93%
Magic:  21/21      EV: 21    Int: 23    God:    Ashenzari [******]
Gold:   989        SH:  5    Dex: 13    Spells: 1 memorised, 14 levels left

rFire  + + .     SeeInvis +     a - +6 scimitar of Flaming Death {sticky flame, rPois rF++ rC- MR+} (curse)
rCold  . . .     Gourm    .     g - +0 mottled dragon armour (curse)
rNeg   . . .     Faith    .     q - +0 buckler (curse)
rPois  +         Spirit   .     Z - +1 helmet "Qocapt Gith" {SInv} (curse)
rElec  .         Dismiss  .     u - +2 cloak (curse)
rCorr  .         Reflect  .     E - +2 pair of gloves (curse)
SustAt .         Harm     .     k - +0 pair of boots (curse)
MR     ++...     Clarity  +     m - amulet of regeneration
Stlth  ++........               N - ring of protection from cold
                                L - +4 ring of intelligence

@: very slightly contaminated, heavily drained, very resistant to hostile
enchantments, unstealthy
A: dopey 1, mutation resistance 1, poison resistance, wild magic 1
a: Curse Item, Scrying, Transfer Knowledge, Renounce Religion
}: 2/15 runes: decaying, serpentine


You were on level 2 of the Elven Halls.
You worshipped Ashenzari.
Ashenzari was exalted by your worship.
You were not hungry.

You visited 7 branches of the dungeon, and saw 32 of its levels.

You collected 2534 gold pieces.
You spent 1545 gold pieces at shops.

Inventory:

Hand Weapons
 a - the cursed +6 scimitar of Flaming Death (weapon) {sticky flame, rPois rF++ rC- MR+}
   (You found it on level 5 of the Dungeon)

   It has been specially enchanted to burn those struck by it, causing extra
   injury to most foes and up to half again as much damage against particularly
   susceptible opponents.
   Big, fiery blades are also staple armaments of hydra-hunters.
   It greatly protects you from fire.
   It makes you vulnerable to cold.
   It protects you from poison.
   It affects your resistance to hostile enchantments.
   It has a curse placed upon it.
 b - a +2 hunting sling of velocity
Missiles
 J - 29 tomahawks (quivered)
 X - 2 throwing nets
Armour
 g - a cursed +0 mottled dragon armour (worn)
 k - a cursed +0 pair of boots (worn)
 q - a cursed +0 buckler (worn)
 u - a cursed +2 cloak (worn)
 E - a cursed +2 pair of gloves (worn)
 Z - the cursed +1 helmet "Qocapt Gith" (worn) {SInv}
   (You found it on level 2 of the Lair of Beasts)

   It lets you see invisible.
   It has a curse placed upon it.
Rods
 S - a -2 rod of inaccuracy (13/13)
   (You found it on level 3 of the Lair of Beasts)
Jewellery
 e - an uncursed ring of magical power
 m - an amulet of regeneration (around neck)
 w - an uncursed ring of fire
 x - an uncursed ring of resist corrosion
 G - the ring "Lutt" {*Corrode rElec rPois rC+ Dex+3}
   (You found it on level 4 of the Swamp)

   [ring of protection from cold]

   It affects your dexterity (+3).
   It protects you from cold.
   It insulates you from electricity.
   It protects you from poison.
   It may corrode your equipment when you take damage.
 L - a +4 ring of intelligence (left hand)
 N - a ring of protection from cold (right hand)
Wands
 h - a wand of lightning (7/15)
 l - a wand of slowing (4/48)
 o - a wand of slowing (22/48)
 v - a wand of iceblast (1/15)
 y - a wand of disintegration (10/24)
 z - a wand of acid (9/15)
 M - a wand of paralysis (7/24)
 R - a wand of acid (10/15)
Scrolls
 c - 2 scrolls of magic mapping
 f - 2 scrolls of identify
 s - a scroll of amnesia
 D - a scroll of summoning
 H - 5 scrolls of teleportation
 O - 2 scrolls of recharging
 P - 4 scrolls of fog
 T - 2 scrolls of remove curse
 U - 3 scrolls of fear
Potions
 d - 2 potions of cancellation
 i - 2 potions of invisibility
 j - 2 potions of haste
 r - 7 potions of agility
 B - 3 potions of ambrosia
 F - 2 potions of curing
 I - 4 potions of lignification
 K - 6 potions of flight
 Q - a potion of resistance
 V - 2 potions of might
 W - a potion of brilliance
Books
 n - the Tome of Somewhere Else
   (You found it on level 1 of the Elven Halls)

   Spells                             Type                      Level
   a - Confusing Touch                Hexes                        2
   b - Ensorcelled Hibernation        Hexes/Ice                    2
   c - Summon Guardian Golem          Hexes/Summoning              3
   d - Gell's Gravitas                Hexes/Translocation          3
   e - Darkness                       Hexes                        6
Miscellaneous
 p - a lamp of fire (inert)
 t - a fan of gales
 C - a lamp of fire (inert)
Comestibles
 A - 13 bread rations


   Skills:
 + Level 18.1(15.7) Fighting
 - Level 11.4(13.3) Long Blades
 - Level 13.1(11.0) Armour
 - Level 15.4(16.9) Dodging
 - Level 2.4(4.2) Stealth
 - Level 2.8(3.6) Shields
 - Level 5.1(3.4) Charms
 - Level 4.0(2.3) Air Magic
 * Level 3.8(2.2) Evocations


You had 14 spell levels left.
You knew the following spells:

 Your Spells              Type           Power        Failure   Level  Hunger
a - Swiftness             Chrm/Air       ###.....     22%         2    ###....


Dungeon Overview and Level Annotations

Branches:
Dungeon (11/15)            Temple (1/1) D:5            Lair (8/8) D:11
  Swamp (4/4) Lair:6        Snake (4/4) Lair:6          Orc (2/2) D:10
    Elf (2/3) Orc:2
  Slime: Lair:6-8

Altars:
Ashenzari
Cheibriados
Dithmenos
Elyvilon
Fedhas
Gozag
Kikubaaqudgha
Makhleb
Nemelex Xobeh
Okawaru
Pakellas
Qazlal
Ru
Sif Muna
Trog
Vehumet
Xom
Yredelemnul
Zin
The Shining One

Shops:
Orc:2 *%((?   Elf:2 %   Snake:1 *   Snake:3 =

Annotations:
D:3 Sigmund
D:4 exclusion: 2 doors
D:7 exclusion: electric eel
D:10 Fannar
D:11 Erolcha
Lair:7 exclusion: oklob plant
Lair:8 exclusion: door
Swamp:2 exclusion: 2 ice statues
Swamp:4 exclusion: oklob plant
Snake:2 exclusion: shock serpent, Frances
Elf:1 exclusion: Roxanne, Roxanne


Innate Abilities, Weirdness & Mutations

You are dopey. (Int -2)
You are somewhat resistant to further mutation.
Your system is resistant to poisons.
Your spells are a little harder to cast, but a little more powerful.


Message History

The dire flail of protection hits you!
* * * LOW HITPOINT WARNING * * *
There is a fountain of clear blue water here.
There is an entrance to Sacis's Food Boutique here.
The dire flail of protection closely misses you.
The lajatang of flaming misses you.
The dire flail of protection barely misses you.
The lajatang of flaming closely misses you.
You hear a distant blaring wail to the east.
You see here a +0 long sword.
Items here: ))) [ † a +2 rapier of draining; a +0 rapier; a +0 leather armour a +4 trident of venom; an elf corpse The lajatang of flaming closely misses you.
You see here a +5 dagger.
The lajatang of flaming barely misses you.
There is a stone staircase leading up here.
The lajatang of flaming misses you. The lajatang of flaming hits you!!
You die...

** * * * * * #.∩..#
#⌠.⌠## ########.##
##....))).#
##.....#####
#....<..###########
#.......'..........
#..((...###########
##@....'##
#########'#...##.##
#.....##.####'###.##
##.....#'## #.#
##.## #...<...## #.#
##.#### ##.......##
#.# ##'#.##
#...(.....# #.#
##...## ##.......##
#.# #.....#
#.......# #.#
##...##


You could see 2 dancing weapons.

Vanquished Creatures
  A bone dragon (Swamp:4)
  Jorgrun (Swamp:2)
  Rupert (Lair:5)
  A deep elf blademaster (Elf:2)
  Kirke (Snake:3)
  3 thorn hunters
  12 greater nagas
  Louise (Swamp:2)
  Azrael (Orc:1)
  A dire elephant (Lair:8)
  A deep elf high priest (Elf:1)
  11 naga warriors
  7 ghost crabs
  7 hydras
  7 anacondas
  7 dancing weapons
  5 alligators
  An ogre mage (Orc:2)
  4 shock serpents
  3 orc high priests
  11 naga sharpshooters
  3 deep elf knights
  The ghost of zkyp the Basher, a novice CeWr (D:8)
  9 sea snakes
  3 salamander mystics
  2 spriggan druids
  6 swamp dragons
  3 spectral hydras (Swamp:4)
  A deep elf archer (Elf:2)
  A wizard (Lair:8)
  4 orc knights
  A shambling mangrove (Swamp:1)
  A hill giant (D:10)
  3 naga ritualists (Snake:1)
  9 mana vipers
  3 griffons
  19 deep elf magi
  7 orc sorcerers (Orc:2)
  6 salamanders
  The ghost of nuthulu the Fighter, a novice GrFi of Okawaru (D:5)
  15 elephants
  An octopode (shapeshifter) (Elf:2)
  12 guardian serpents
  24 black mambas
  18 naga magi
  15 spiny frogs
  5 swamp worm zombies (Swamp:4)
  5 fire drakes
  12 komodo dragons
  3 trolls
  A two-headed ogre (Orc:1)
  3 giant leeches
  3 polar bears (Lair:5)
  23 blink frogs
  3 hydra zombies (Swamp:4)
  An alligator zombie (Swamp:4)
  2 spectral swamp dragons (Swamp:4)
  5 slime creatures (Swamp:3)
  10 bog bodies
  9 spriggans
  A shadow (D:11)
  3 water elementals
  A vampire (D:10)
  3 wyverns
  59 yaks
  2 fire elementals
  A hog (Snake:2)
  A hungry ghost (D:8)
  10 basilisks
  9 hippogriffs
  11 vampire mosquitoes
  33 wolves
  12 insubstantial wisps
  23 swamp worms
  8 wargs
  54 nagas
  18 water moccasins
  A soldier ant (D:11)
  13 porcupines
  5 hell hounds
  Duvessa (D:6)
  An ice beast (D:9)
  2 black bears
  7 swamp drakes
  15 wasps
  15 orc warriors
  2 sky beasts (D:9)
  4 swamp dragon zombies (Swamp:4)
  7 phantoms
  7 ogres
  2 centaurs
  14 crocodiles
  20 giant frogs
  A gnoll sergeant (D:10)
  Dowan (D:6)
  A water moccasin skeleton (D:6)
  4 scorpions
  20 wights
  3 vampire bats (Lair:6)
  2 electric eels
  6 crimson imps
  3 giant frog zombies
  3 hounds
  7 orc priests
  Crazy Yiuf (D:2)
  A jelly (D:9)
  19 orc wizards
  10 iguanas
  Ijyb (D:2)
  Terence (D:2)
  Natasha (thrice) (D:3)
  A spectral swamp drake (Swamp:4)
  6 worker ants
  13 sheep
  A hound zombie (D:6)
  A hound skeleton (D:4)
  2 swamp drake zombies (Swamp:4)
  27 gnolls
  66 river rats
  11 adders
  3 shadow imps
  An ooze (D:2)
  An adder zombie (D:8)
  3 worms
  6 giant geckos
  58 orcs
  A ball python (D:3)
  6 giant cockroaches
  18 goblins
  18 hobgoblins
  16 jackals
  15 kobolds
  4 quokkas
  14 bats
  8 giant newts
  4 rats
  A bush (Elf:2)
  A fungus (Lair:6)
  A plant (Lair:6)
1099 creatures vanquished.

Vanquished Creatures (collateral kills)
  Donald (Orc:1)
1 creature vanquished.

Vanquished Creatures (others)
  An alligator (Swamp:3)
  A naga (Snake:4)
  4 insubstantial wisps (Swamp:4)
  3 bushes (D:11)
  5 fungi
  6 plants
  4 toadstools (Swamp:2)
24 creatures vanquished.

Grand Total: 1124 creatures vanquished

Notes
Turn   | Place    | Note
--------------------------------------------------------------
     0 | D:1      | Ratboiler the Deep Elf Wanderer began the quest for the Orb.
     0 | D:1      | Ratboiler set off with: a +2 falchion, a +0 short sword, a scroll of teleportation, a +0 robe, a +0 dagger, a bread ration
     0 | D:1      | Reached XP level 1. HP: 16/16 MP: 3/3
   258 | D:1      | Reached XP level 2. HP: 20/20 MP: 4/4
   795 | D:1      | Reached XP level 3. HP: 22/25 MP: 5/5
  1067 | D:2      | Noticed Terence
  1117 | D:2      | Noticed Crazy Yiuf
  1155 | D:2      | Killed Terence
  1446 | D:2      | Reached XP level 4. HP: 26/30 MP: 6/6
  2299 | D:2      | Noticed Ijyb
  2763 | D:2      | Killed Crazy Yiuf
  2763 | D:2      | Reached XP level 5. HP: 34/34 MP: 7/7
  2970 | D:2      | Killed Ijyb
  3519 | D:3      | Reached skill level 5 in Long Blades
  3680 | D:3      | Noticed Natasha
  3684 | D:3      | Killed Natasha
  3684 | D:3      | Reached skill level 5 in Fighting
  3684 | D:3      | Reached XP level 6. HP: 38/40 MP: 8/8
  4296 | D:3      | Noticed Sigmund
  4332 | D:3      | Noticed Natasha
  4339 | D:3      | Killed Natasha
  4339 | D:3      | Reached skill level 6 in Long Blades
  4498 | D:3      | Noticed Natasha
  4511 | D:3      | Killed Natasha
  4779 | D:4      | Reached XP level 7. HP: 41/44 MP: 9/9
  5591 | D:5      | Entered Level 5 of the Dungeon
  5636 | D:5      | Found a staircase to the Ecumenical Temple.
  5646 | Temple   | Entered the Ecumenical Temple
  5758 | Temple   | Became a worshipper of Ashenzari the Shackled
  5794 | D:5      | Noticed nuthulu's ghost (novice GrFi)
  6228 | D:5      | Reached skill level 1 in Dodging
  6281 | D:5      | Reached skill level 1 in Armour
  6716 | D:5      | Found a basalt altar of Yredelemnul.
  6722 | D:5      | Found a radiant altar of Vehumet.
  6725 | D:5      | Found a bloodstained altar of Trog.
  6905 | D:5      | Killed nuthulu's ghost
  6905 | D:5      | Reached XP level 8. HP: 17/51 MP: 10/10
  7265 | D:6      | Reached skill level 7 in Long Blades
  7361 | D:6      | Got the hand axe of Awkwardness {drain, rPois MR++ Str-4 Stlth+}
  7364 | D:6      | Identified the +4 hand axe of Awkwardness {drain, rPois MR++ Str-4 Stlth+} (You found it on level 6 of the Dungeon)
  7611 | D:6      | Noticed Duvessa
  7612 | D:6      | Noticed Dowan
  7618 | D:6      | Killed Duvessa
  7622 | D:6      | Killed Dowan
  7717 | D:6      | Found a deep blue altar of Sif Muna.
  7718 | D:6      | Found a sacrificial altar of Ru.
  7727 | D:6      | Reached XP level 9. HP: 36/56 MP: 11/11
  7868 | D:7      | Identified the +7 spear of Zielun {distort, rPois Dex+5}
  7874 | D:7      | Reached * piety under Ashenzari
  8142 | D:7      | Found a white marble altar of Elyvilon.
  8329 | D:7      | Found an iron altar of Okawaru.
  8582 | D:7      | Found an ancient bone altar of Kikubaaqudgha.
  8582 | D:7      | Found a blossoming altar of Fedhas.
  8921 | D:7      | Found a shadowy altar of Dithmenos.
  9100 | D:8      | Reached skill level 8 in Long Blades
  9207 | D:8      | Noticed zkyp's ghost (novice CeWr)
  9355 | D:8      | Killed zkyp's ghost
  9355 | D:8      | Reached skill level 9 in Long Blades
  9440 | D:8      | Noticed a troll
  9445 | D:8      | Killed a troll
  9445 | D:8      | Reached XP level 10. HP: 63/65 MP: 12/12
  9891 | D:8      | Found a shimmering altar of Xom.
  9892 | D:8      | Found a burning altar of Makhleb.
 10019 | D:9      | Reached ** piety under Ashenzari
 10070 | D:9      | Gained mutation: You are dopey. (Int -2) [potion of mutation]
 10070 | D:9      | Gained mutation: Your system is resistant to poisons. [potion of mutation]
 10070 | D:9      | Gained mutation: Your spells are a little harder to cast, but a little more powerful. [potion of mutation]
 10700 | D:9      | Noticed a white ugly thing
 10824 | D:10     | Entered Level 10 of the Dungeon
 10847 | D:10     | Noticed Fannar
 10989 | D:10     | Noticed a hill giant
 11105 | D:10     | Reached *** piety under Ashenzari
 11236 | D:10     | Noticed a hill giant
 11266 | D:9      | Reached skill level 10 in Long Blades
 11674 | D:10     | Killed a hill giant
 11674 | D:10     | Reached skill level 5 in Armour
 11674 | D:10     | Reached skill level 5 in Dodging
 12023 | D:10     | Found a staircase to the Orcish Mines.
 12216 | D:11     | Reached XP level 11. HP: 67/71 MP: 13/13
 12221 | D:11     | Noticed Erolcha
 12527 | D:11     | Found a staircase to the Lair.
 12579 | Lair:1   | Entered Level 1 of the Lair of Beasts
 12769 | Lair:1   | Noticed a seven-headed hydra
 12802 | Lair:1   | Reached skill level 11 in Long Blades
 12810 | Lair:1   | Killed a one-headed hydra
 13071 | Lair:1   | Reached **** piety under Ashenzari
 13975 | Lair:2   | Reached XP level 12. HP: 35/77 MP: 14/14
 14077 | Lair:2   | Got the uncursed helmet "Qocapt Gith" {SInv}
 14088 | Lair:2   | Identified the +1 helmet "Qocapt Gith" {SInv} (You found it on level 2 of the Lair of Beasts)
 14393 | Lair:2   | Reached skill level 10 in Fighting
 14442 | Lair:2   | Noticed a seven-headed hydra
 14556 | Lair:2   | Killed a two-headed hydra
 15242 | Lair:3   | Identified a -2 rod of inaccuracy (13/13)
 15639 | Lair:3   | Reached skill level 12 in Fighting
 16363 | Lair:4   | Reached ***** piety under Ashenzari
 16420 | Lair:4   | Reached XP level 13. HP: 74/87 MP: 15/15
 16500 | Lair:4   | Learned a level 2 spell: Swiftness
 16757 | Lair:4   | Reached skill level 13 in Fighting
 17401 | Lair:5   | Noticed Rupert
 17438 | Lair:5   | Killed Rupert
 18184 | Lair:6   | Reached skill level 14 in Fighting
 18392 | Lair:6   | Found a staircase to the Snake Pit.
 18472 | Lair:6   | Identified the cursed +2 long sword of the Ghost {slice, -Tele rElec Int+3 Dex+2}
 18570 | Lair:6   | Found a staircase to the Swamp.
 19491 | Lair:7   | Reached skill level 15 in Fighting
 19677 | Lair:7   | Reached XP level 14. HP: 86/98 MP: 16/16
 20270 | Lair:8   | Entered Level 8 of the Lair of Beasts
 20888 | Lair:8   | Reached skill level 10 in Dodging
 21402 | Lair:8   | Found a burning altar of Makhleb.
 21454 | Lair:8   | Noticed an acid blob
 21898 | Orc:1    | Entered Level 1 of the Orcish Mines
 22092 | Orc:2    | Entered Level 2 of the Orcish Mines
 22106 | Orc:2    | Noticed Azrael
 22218 | Orc:1    | Killed Azrael
 22587 | Orc:2    | Found Ocrukhok's Magic Scroll Emporium.
 22604 | Orc:2    | Reached ****** piety under Ashenzari
 22745 | Orc:2    | Noticed Donald
 22932 | Orc:1    | Killed Donald
 23019 | Orc:2    | Found a staircase to the Elven Halls.
 23071 | Orc:2    | Found Ufuxkean's Assorted Antiques.
 23462 | Orc:2    | Found Ceitegroh's Food Emporium.
 23463 | Orc:2    | Found Haotefy's Weapon Shop.
 23473 | Orc:2    | Found Wakafaq's Antique Weapon Shop.
 23475 | Orc:2    | Bought a scroll of identify for 26 gold pieces
 23475 | Orc:2    | Bought a scroll of identify for 26 gold pieces
 23475 | Orc:2    | Bought a scroll of identify for 26 gold pieces
 23475 | Orc:2    | Bought a scroll of identify for 26 gold pieces
 23540 | Orc:2    | Bought a peridot ring for 185 gold pieces
 23540 | Orc:2    | Bought a glowing helmet for 166 gold pieces
 23578 | Orc:2    | Bought 3 scrolls of recharging for 370 gold pieces
 23578 | Orc:2    | Bought a scroll of teleportation for 39 gold pieces
 23578 | Orc:2    | Bought a scroll of enchant weapon for 97 gold pieces
 23578 | Orc:2    | Bought a scroll of recharging for 123 gold pieces
 23578 | Orc:2    | Bought a scroll of enchant armour for 97 gold pieces
 23578 | Orc:2    | Bought a scroll of remove curse for 39 gold pieces
 23894 | Swamp:1  | Entered Level 1 of the Swamp
 24176 | Swamp:1  | Found a shadowy altar of Dithmenos.
 24518 | Swamp:1  | Reached XP level 15. HP: 24/104 MP: 17/17
 25149 | Swamp:2  | Found a frozen archway.
 25307 | Swamp:2  | Reached skill level 16 in Fighting
 25313 | Swamp:2  | Noticed a thorn hunter
 25336 | Swamp:2  | Killed a thorn hunter
 25727 | Swamp:2  | Noticed a thorn hunter
 25744 | Swamp:2  | Killed a thorn hunter
 26207 | Swamp:3  | Noticed Jorgrun
 26653 | Swamp:3  | Noticed Louise
 26709 | Swamp:2  | Killed Louise
 26766 | Swamp:2  | Reached skill level 10 in Armour
 26878 | Swamp:2  | Killed Jorgrun
 27299 | Swamp:3  | Noticed a thorn hunter
 27315 | Swamp:3  | Killed a thorn hunter
 27925 | Swamp:4  | Entered Level 4 of the Swamp
 28345 | Swamp:4  | Gained mutation: You are somewhat resistant to further mutation. [potion of beneficial mutation]
 28597 | Swamp:4  | Reached skill level 1 in Charms
 28637 | Swamp:4  | Reached skill level 1 in Air Magic
 29049 | Swamp:4  | Noticed a bone dragon
 29080 | Swamp:4  | Killed a bone dragon
 29080 | Swamp:4  | Reached XP level 16. HP: 8/111 MP: 18/18
 29508 | Swamp:4  | Got a decaying rune of Zot
 29586 | Swamp:4  | Identified the ring "Lutt" {*Corrode rElec rPois rC+ Dex+3}
 29860 | Snake:1  | Entered Level 1 of the Snake Pit
 30514 | Snake:1  | Found Gaploota's General Store.
 30777 | Snake:1  | Reached skill level 5 in Charms
 32021 | Snake:3  | Found Ryckaic's Jewellery Emporium.
 32031 | Snake:3  | Bought an uncursed ring of protection from cold for 325 gold pieces
 32328 | Snake:2  | Noticed Frances
 32628 | Snake:3  | Noticed Kirke
 32705 | Snake:3  | Killed Kirke
 32705 | Snake:3  | Reached skill level 15 in Dodging
 32856 | Snake:3  | Reached skill level 17 in Fighting
 33144 | Snake:4  | Entered Level 4 of the Snake Pit
 33920 | Snake:4  | Reached XP level 17. HP: 106/117 MP: 19/19
 36565 | Snake:4  | Got a serpentine rune of Zot
 37171 | Elf:1    | Entered Level 1 of the Elven Halls
 37756 | Elf:1    | Noticed Roxanne
 37792 | Elf:1    | Identified the +9 quarterstaff "Giatiohu" {drain, *Noise rC+ Str+4}
 37803 | Elf:1    | Reached skill level 18 in Fighting
 37813 | Elf:1    | Identified the Tome of Somewhere Else
 38335 | Elf:2    | Reached skill level 1 in Evocations
 38600 | Elf:2    | Found Sacis's Food Boutique.
 38712 | Elf:2    | Found a huge runed gate.
 38712 | Elf:2    | Found a huge runed gate.
 38712 | Elf:2    | Found a huge runed gate.
 38712 | Elf:2    | Found a huge runed gate.
 38712 | Elf:2    | Found a huge runed gate.
 39037 | Elf:2    | Noticed a deep elf blademaster
 39048 | Elf:2    | HP: 4/119 [hand axe of electrocution (12)]
 39288 | Elf:2    | Killed a deep elf blademaster
 39350 | Elf:2    | Mangled by a lajatang of flaming

Vault maps used:
D:1:      matt_arrival_refuge, minmay_misc_feat_room
D:2:      interstate_on_off, minmay_cut_off, uniq_terence, uniq_iyjb,
          uniq_crazy_yiuf_cottage
D:3:      uniq_sigmund, uniq_natasha
D:4:      minmay_door_path, first_bread
D:5:      minmay_overflow_temple_star_quad, minmay_temple_entry_junction,
          minmay_misc_feat_enclosed
D:6:      corexii_shantytown, gammafunk_temple_overflow_pools, uniq_duvessa
D:7:      grunt_temple_overflow_growth_and_decay, okawaru_metal_pillars_1_2,
          kennysheep_mini, basic_altar, grunt_ogre_cave, kennysheep_potato
D:8:      grunt_temple_overflow_champion_of_chaos, minmay_misc_feat_diagonals,
          minmay_bad_closet
D:10:     minmay_orc_entry_guard_dogs, uniq_fannar
D:11:     minmay_lair_entry_grove, grunt_ministairs_5, uniq_erolcha
Temple:   jpeg_temple_clearing_9
Lair:3:   grunt_forest_large_clearing_hut
Lair:4:   kennysheep_basilisk_garden, grunt_megastairs_3,
          infiniplex_staircase_pool
Lair:5:   gammafunk_lair_bear_cave, serial_bayou_lagoon_b, uniq_rupert
Lair:6:   nicolae_swamp_entry_splash_gauntlet, guppyfry_snake_entry_island,
          roderic_batcave, hibernation_bobbens
Lair:7:   nicolae_quartered_pool_medium, beast_lair_carwin_9,
          grunt_megastairs_1, infiniplex_staircase_pool_2
Lair:8:   evil_forest, dpeg_slime_entry_enclosed_altar, grunt_megastairs_4
Swamp:1:  nicolae_swamp_godswood, swamp_pool1
Swamp:2:  cheibrodos_swamp_tower_of_moss, portal_ice_cave_entry_ice_statue_02,
          hangedman_swamp_blocks
Swamp:3:  nicolae_swamp_little_tower, uniq_louise, uniq_jorgrun
Swamp:4:  swamp_pestilence, swamp_pool3
Snake:1:  serial_shops, shop, statue_in_the_mist_lemuel,
          nicolae_snake_round_shape_thing
Snake:2:  serial_bayou_ford_a, grunt_ministairs_11, uniq_frances, uniq_wiglaf
Snake:3:  serial_shops, shop, uniq_kirke
Snake:4:  grunt_snake_rune_pools, nrook_guardian_serpent_double
Orc:2:    st_orc_elflike, guppyfry_orc_lava_fort, uniq_azrael, uniq_donald
Elf:1:    kennysheep_underground_church, nicolae_elf_glass_and_crystal_pillar_2,
          nrook_uturn, uniq_roxanne
Elf:2:    serial_shops, shop_fountains

Action                   |  1- 3 |  4- 6 |  7- 9 | 10-12 | 13-15 | 16-18 || total
-------------------------+-------+-------+-------+-------+-------+-------++-------
Melee: Falchion          |   111 |   155 |    87 |       |       |       ||   353
       Scimitar          |       |       |   305 |   768 |  1827 |  1339 ||  4239
 Fire: Hunting sling     |       |    62 |    16 |       |       |       ||    78
Throw: Stone             |       |     1 |     5 |       |       |       ||     6
       Javelin           |       |       |    17 |    15 |    12 |       ||    44
       Tomahawk          |       |       |       |       |       |    10 ||    10
Invok: Curse Item        |       |       |     4 |     1 |     2 |       ||     7
Evoke: Wand              |       |       |     2 |     6 |     6 |       ||    14
       Lamp of fire      |       |       |       |       |     4 |     2 ||     6
       Fan of gales      |       |       |       |       |     1 |     2 ||     3
  Use: Scroll            |       |     8 |     5 |     7 |    16 |     8 ||    44
       Potion            |       |       |       |     1 |    10 |    11 ||    22
 Stab: Sleeping          |     2 |     3 |     4 |    11 |    13 |     8 ||    41
       Distracted        |       |       |       |     1 |     3 |     3 ||     7
  Eat: Bread ration      |     1 |       |     1 |       |     1 |     7 ||    10
       Chunk             |       |     4 |     1 |    11 |       |       ||    16
       Pizza             |       |     1 |       |       |       |       ||     1
       Meat ration       |       |     1 |       |       |     6 |     1 ||     8
       Beef jerky        |       |       |     3 |     7 |     1 |       ||    11
       Royal jelly       |       |       |     1 |     1 |     1 |       ||     3
       Fruit             |       |       |       |     6 |     8 |       ||    14
